 Dungeon Crawl Stone Soup version 0.22.1-1-ga44c0e5 (webtiles) character file.

640 JeffiDaFish the Covered (level 7, -3/44 HPs)
             Began as a Gargoyle Fighter on Sept 20, 2018.
             Slain by an ogre
             ... wielding a +0 giant club
              (21 damage)
             ... on level 5 of the Dungeon on Sept 23, 2018.
             The game lasted 00:09:52 (4006 turns).

JeffiDaFish the Covered (Gargoyle Fighter)          Turns: 4006, Time: 00:09:53

Health: -3/44      AC: 16    Str: 22    XL:     7   Next: 51%
Magic:  7/7        EV:  6    Int:  8    God:
Gold:   108        SH: 10    Dex:  9    Spells: 6/6 levels left

rFire    . . .     SeeInvis .   j - +1 whip (elec)
rCold    . . .     Gourm    .   c - +0 shield
rNeg     + . .     Faith    .   l - +0 chain mail
rPois    ∞         Spirit   .   (no helmet)
rElec    +         Reflect  .   (no cloak)
rCorr    .         Harm     .   (no gloves)
MR       .....                  g - +1 pair of boots {Fly}
Stlth    ..........             (no amulet)
HPRegen  0.14/turn              (no ring)
MPRegen  0.10/turn              (no ring)

@: flying
A: negative energy resistance 1, electricity resistance, unbreathing,
petrification resistance, rot immunity, AC +4
a: Stop Flying


You were on level 5 of the Dungeon.
You were very hungry.

You visited 1 branch of the dungeon, and saw 5 of its levels.

You collected 250 gold pieces.
You spent 142 gold pieces at shops.

Inventory:

Hand Weapons
 j - a +1 whip of electrocution (weapon)
Armour
 c - a +0 shield (worn)
 g - a +1 pair of boots of flying (worn)
 l - a +0 chain mail (worn)
Scrolls
 b - 2 scrolls of remove curse
 h - 2 scrolls of identify
 i - 4 scrolls of teleportation
Potions
 a - a potion of heal wounds
 d - 4 potions of might
 e - a potion of haste
 m - a potion of resistance
Comestibles
 f - 11 rations


   Skills:
 * Level 5.3 Fighting
 + Level 4.5 Maces & Flails
 * Level 5.3 Armour
 - Level 1.0 Dodging
 - Level 0.1 Stealth
 + Level 5.0 Shields


You had 6 spell levels left.
You didn't know any spells.
Your spell library contained the following spells:

 Spells                   Type           Power        Failure   Level  Hunger
 Sandblast                Erth           #.....       100%        1    ##.....
 Passwall                 Tmut/Erth      #.......     100%        2    ###....
 Stone Arrow              Conj/Erth      #.....       100%        3    ####...
 Cause Fear               Hex            #.........   100%        4    #####..
 Petrify                  Tmut/Erth      #.......     100%        4    #####..
 Lee's Rapid Deconstruct  Erth           #.........   100%        5    ######.
 Silence                  Hex/Air        #.........   100%        5    ######.
 Yara's Violent Unravell  Hex/Tmut       #.........   100%        5    ######.
 Deflect Missiles         Chrm/Air       #.........   100%        6    #######
 Discord                  Hex            #.........   100%        8    #######


Dungeon Overview and Level Annotations

Branches:
Dungeon (5/15)
 Temple: D:4-7

Altars:
Cheibriados

Shops:
D:4 (}*


Innate Abilities, Weirdness & Mutations

You are resistant to torment.
Your stone body is resilient. (AC +4)
You are immune to poison.
You resist negative energy. (rN+)
You are resistant to electric shocks. (rElec)
You can survive without breathing.
You are immune to petrification.
You are immune to rotting.


Message History

No target in view!
No target in view!
No target in view!
No target in view!
An ogre comes into view. It is wielding a giant club.
The ogre shouts!
You barely miss the ogre. The ogre hits you with a giant club!!
You hit the ogre.
The ogre is lightly wounded.
The ogre hits you with a giant club.
You are too injured to fight recklessly!
Your shield and chain mail prevent you from hitting the ogre.
The ogre is lightly wounded.
You hit the ogre.
The ogre is moderately wounded.
You block the ogre's attack.
You hit the ogre. Lightning courses through the ogre!
The ogre is severely wounded.
The ogre hits you with a giant club!!
You die...

### .. .# ###
##.# #.. ...#
#.####..##
#.#.@O...#.##.
###.#.##........
#..........#.##.
#.#.#.#.....Z#
#.#.#.#.........
#..........####.
#.##.........
#.##.#...#...
#........#....


You could see an ogre and a hound zombie.

Vanquished Creatures
  A sky beast (D:5)
  An ogre (D:4)
  A scorpion (D:4)
  A bullfrog zombie (D:5)
  3 orc priests (D:3)
  A jelly (D:5)
  An orc wizard (D:3)
  An iguana (D:2)
  A worker ant (D:3)
  A howler monkey skeleton (D:3)
  Robin (D:4)
  8 adders
  A shadow imp (D:5)
  2 adder skeletons (D:4)
  A worm (D:5)
  A dart slug (D:4)
  2 leopard geckos
  10 orcs
  A bat zombie (D:1)
  A giant cockroach (D:2)
  13 goblins
  4 hobgoblins
  3 jackals (D:4)
  6 kobolds
  A quokka (D:3)
  6 bats
  5 frilled lizards
  A jackal skeleton (D:5)
  A quokka zombie (D:1)
  5 rats
85 creatures vanquished.

Notes
Turn   | Place    | Note
-------+----------+-------------------------------------------
     0 | D:1      | JeffiDaFish the Gargoyle Fighter began the quest for the
                  | Orb.
     0 | D:1      | Reached XP level 1. HP: 14/14 MP: 1/1
   107 | D:1      | Found a snail-covered altar of Cheibriados.
   218 | D:1      | Reached XP level 2. HP: 14/19 MP: 2/2
  1006 | D:2      | Reached XP level 3. HP: 24/24 MP: 3/3
  1344 | D:2      | Reached XP level 4. HP: 14/29 MP: 4/4
  1716 | D:3      | Reached XP level 5. HP: 23/33 MP: 5/5
  2571 | D:4      | Found Quuhuega's Gadget Boutique.
  2592 | D:4      | Reached XP level 6. HP: 38/38 MP: 6/6
  2618 | D:4      | Found Kilisy Tiddo's Assorted Antiques.
  2621 | D:4      | Bought a pair of glowing boots for 142 gold pieces
  2670 | D:3      | Reached skill level 1 in Dodging
  2980 | D:4      | Noticed Robin
  2997 | D:4      | Killed Robin
  3092 | D:4      | Reached XP level 7. HP: 26/44 MP: 7/7
  3392 | D:4      | Found Gideyram's Weapon Shop.
  3565 | D:5      | Entered Level 5 of the Dungeon
  3713 | D:5      | Reached skill level 5 in Armour
  3744 | D:5      | Reached skill level 5 in Fighting
  3802 | D:5      | Reached skill level 5 in Shields
  4006 | D:5      | Slain by an ogre

Skill      XL: |  1  2  3  4  5  6  7 |
---------------+----------------------+-----
Shields        | 4 5 |  5.0
Maces & Flails | 3 4 |  4.5
Fighting       | 4 5 |  5.3
Armour         | 4 5 |  5.3
Dodging        | 1 |  1.0
Stealth        | |  0.1

Action                   |  1- 3 |  4- 6 |  7- 9 || total
-------------------------+-------+-------+-------++-------
Melee: Flail             |    97 |       |       ||    97
       Whip              |     6 |   168 |    80 ||   254
  Use: Potion            |     5 |       |     1 ||     6
       Scroll            |     2 |     3 |       ||     5
  Eat: Chunk             |     1 |     6 |     2 ||     9
Armor: Scale mail        |    56 |    49 |       ||   105
       Chain mail        |       |    23 |    35 ||    58
Dodge: Dodged            |    44 |    35 |     9 ||    88
Block: Shield            |    61 |    71 |    24 ||   156
